 Dungeon Crawl Stone Soup version 0.20.0-15-g7f486f2 (webtiles) character file.

664 pib the Magician (level 7, -5/60 HPs)
             Began as a Deep Elf Fire Elementalist on June 12, 2017.
             Killed by divine providence
             ... invoked by an orc priest
              (12 damage)
             ... on level 6 of the Dungeon.
             The game lasted 00:21:05 (5353 turns).

pib the Magician (Deep Elf Fire Elementalist)       Turns: 5353, Time: 00:21:06

Health: -5/60      AC: 23    Str:  3 (5)  XL:     7   Next: 31%
Magic:  18/18      EV:  2    Int: 19 (22) God:
Gold:   242        SH:  0    Dex: 13 (15) Spells: 5/18 levels left

rFire    + . .     SeeInvis .   t - staff of fire (curse)
rCold    . . .     Gourm    .   (no shield)
rNeg     + + +     Faith    .   (armour currently unavailable)
rPois    +         Spirit   .   (helmet currently unavailable)
rElec    .         Reflect  .   (cloak currently unavailable)
rCorr    .         Harm     .   (gloves currently unavailable)
MR       .....     NoTele   +   (boots currently unavailable)
Stlth    ++........             (no amulet)
Regen    0.2/turn               k - ring of wizardry
MPRegen  0.2/turn               (no ring)

@: tree-form, berserk cooldown, slowed, very slow
A: no striking features
a: no special abilities


You were on level 6 of the Dungeon.
You were not hungry.
You were a tree.
You visited 1 branch of the dungeon, and saw 7 of its levels.

You collected 242 gold pieces.

Inventory:

Hand Weapons
 h - a +0 dagger of protection
Missiles
 n - 5 tomahawks of returning (quivered)
Armour
 a - a +0 robe (melded)
 p - a +0 buckler
 y - a +1 helmet (melded)
 z - a +0 cloak (melded)
Magical Staves
 t - a cursed staff of fire (weapon)
Jewellery
 k - a ring of wizardry (left branch)
Wands
 v - a wand of enslavement (4/24)
Scrolls
 d - 2 scrolls of identify
 m - 2 scrolls of teleportation {unknown}
 o - a scroll of remove curse {unknown}
 q - a scroll of magic mapping {unknown}
 u - a scroll of enchant armour {unknown}
 w - a scroll of fear {unknown}
 x - a scroll of noise {unknown}
 C - a scroll of fog {unknown}
 E - a scroll of enchant weapon {unknown}
Potions
 e - 2 potions of degeneration
 g - a potion of magic
 i - a potion of lignification
 l - a potion of might {unknown}
 r - a potion of berserk rage
 s - a potion of agility {unknown}
 B - a potion of flight {unknown}
 F - a potion of curing {unknown}
Books
 b - a book of Flames

   Spells                             Type                      Level
   a - Flame Tongue                   Conjuration/Fire             1
   b - Throw Flame                    Conjuration/Fire             2
   c - Conjure Flame                  Conjuration/Fire             3
   d - Inner Flame                    Hexes/Fire                   3
   e - Sticky Flame                   Conjuration/Fire             4
   f - Fireball                       Conjuration/Fire             5
Comestibles
 c - 4 bread rations
 f - 7 fruits
 j - 3 meat rations
 A - a royal jelly
 D - 3 chunks of flesh


   Skills:
 + Level 2.0 Fighting
 - Level 2.4 Dodging
 - Level 2.4 Stealth
 - Level 6.3 Spellcasting
 * Level 5.5 Conjurations
 * Level 5.0 Fire Magic


You had 5 spell levels left.
You knew the following spells:

 Your Spells              Type           Power        Failure   Level  Hunger
a - Flame Tongue          Conj/Fire      #####        1%          1    None
b - Sticky Flame          Conj/Fire      #####...     4%          4    ####...
c - Conjure Flame         Conj/Fire      #####...     1%          3    ##.....
d - Fireball              Conj/Fire      #####.....   14%         5    #####..


Dungeon Overview and Level Annotations

Branches:
Dungeon (7/15)
 Temple: D:4-7

Altars:
Dithmenos
Elyvilon
Okawaru
Sif Muna
Trog
The Shining One

Annotations:
D:2 Robin, Terence
D:4 Dowan


Message History

The orc priest calls upon Beogh to heal the orc wizard.
The orc wizard is healed somewhat.
The orc warrior hits you but does no damage.
You hit the orc priest.
The orc priest is moderately wounded.
The orc wizard casts a spell at you. The magic dart hits you!
* * * LOW HITPOINT WARNING * * *
The orc priest hits you but does no damage.
The orc warrior hits you from afar with a glaive!
* * * LOW HITPOINT WARNING * * *
The orc wizard hits you but does no damage.
The orc priest hits you but does no damage.
You hit the orc priest but do no damage.
The orc priest is moderately wounded.
The orc wizard hits you but does no damage.
The orc warrior hits you but does no damage.
The orc priest calls down the wrath of Beogh upon you.
Beogh smites you!
You die...

#. ##.........
##..##............
#...#..........!..
#..>............
#...............
#.#.............
#.#.......o..... .
##....oo...... ).
##...♣)..?..# ..
###.######## #..
#.# ..# #.## #. ..
.# ..


You could see an orc warrior, an orc priest and an orc wizard.

Vanquished Creatures
  Duvessa (D:4)
  An ogre (D:5)
  6 orc wizards (D:4)
  An iguana (D:4)
  4 worker ants
  2 hound skeletons
  4 gnolls (D:3)
  2 adders
  A shadow imp (D:5)
  3 worms
  A dart slug (D:2)
  3 leopard geckos
  15 orcs
  3 bats (D:1)
  4 giant cockroaches
  8 hobgoblins
  3 jackals (D:3)
  3 quokkas
  9 frilled lizards
  7 goblins
  3 kobolds
  2 quokka skeletons
  4 rats
90 creatures vanquished.

Vanquished Creatures (others)
  4 toadstools (D:1)
4 creatures vanquished.

Grand Total: 94 creatures vanquished

Notes
Turn   | Place    | Note
-------+----------+-------------------------------------------
     0 | D:1      | pib the Deep Elf Fire Elementalist began the quest for the Orb.
     0 | D:1      | Reached XP level 1. HP: 10/10 MP: 6/6
   767 | D:1      | Reached XP level 2. HP: 15/15 MP: 5/8
  1226 | D:2      | Noticed Terence
  1261 | D:2      | Found a shadowy altar of Dithmenos.
  1573 | D:2      | Noticed Robin
  1664 | D:3      | Reached XP level 3. HP: 19/19 MP: 6/9
  2039 | D:3      | Reached XP level 4. HP: 21/24 MP: 8/10
  2176 | D:3      | Learned a level 4 spell: Sticky Flame
  2180 | D:3      | Learned a level 3 spell: Conjure Flame
  2963 | D:4      | Reached skill level 4 in Spellcasting
  2963 | D:4      | Reached XP level 5. HP: 19/28 MP: 7/13
  3193 | D:4      | Found a deep blue altar of Sif Muna.
  3615 | D:4      | Found a bloodstained altar of Trog.
  3615 | D:4      | Noticed Duvessa
  3692 | D:4      | Reached skill level 5 in Fire Magic
  3783 | D:4      | Reached skill level 5 in Spellcasting
  3783 | D:4      | Reached XP level 6. HP: 29/32 MP: 11/15
  3793 | D:4      | Learned a level 5 spell: Fireball
  3883 | D:4      | Killed Duvessa
  3883 | D:4      | Reached skill level 6 in Spellcasting
  3884 | D:4      | Noticed Dowan
  4434 | D:4      | Found a white marble altar of Elyvilon.
  4554 | D:4      | Reached skill level 1 in Fighting
  4640 | D:5      | Entered Level 5 of the Dungeon
  4717 | D:5      | Reached skill level 5 in Conjurations
  4717 | D:5      | Reached XP level 7. HP: 39/39 MP: 9/18
  5053 | D:5      | Found a glowing golden altar of the Shining One.
  5121 | D:5      | Found an iron altar of Okawaru.
  5318 | D:5      | You fall through a shaft for 2 floors!
  5353 | D:6      | Killed from afar by an orc priest

Skill      XL: |  1  2  3  4  5  6  7 |
---------------+----------------------+-----
Conjurations   | 2 3 4 5 |  5.5
Fire Magic     | 4 5 |  5.0
Spellcasting   | 4 5 6 |  6.3
Fighting       | 1 2 |  2.0
Dodging        | |  2.4
Stealth        | |  2.4

Action                   |  1- 3 |  4- 6 |  7- 9 || total
-------------------------+-------+-------+-------++-------
Melee: Dagger            |     2 |       |       ||     2
       Staff             |       |     8 |     7 ||    15
 Cast: Flame Tongue      |    56 |   100 |    22 ||   178
       Sticky Flame      |       |     9 |       ||     9
       Conjure Flame     |       |     4 |       ||     4
  Use: Potion            |       |       |     4 ||     4
       Scroll            |       |       |     1 ||     1
  Eat: Chunk             |     3 |    10 |     2 ||    15
Armor: Robe              |     4 |     2 |     1 ||     7
       Skin              |       |       |    20 ||    20
Dodge: Dodged            |    10 |    12 |     3 ||    25
